 Dungeon Crawl Stone Soup version 0.29-a0-643-ga013cefcf8 (webtiles) character file.

Game seed: 2303678290767888544

163 CollectiveS the Skirmisher (level 5, -6/42 HPs)
             Began as a Demonspawn Fighter on June 19, 2022.
             Mangled by Crazy Yiuf
             ... wielding a +3 quarterstaff of chaos
              (9 damage)
             ... on level 3 of the Dungeon.
             The game lasted 00:07:58 (2917 turns).

CollectiveS the Skirmisher (Demonspawn Fighter)     Turns: 2917, Time: 00:07:58

Health: -6/42      AC:  9    Str: 18    XL:     5   Next: 20%
Magic:  5/5        EV:  9    Int: 11    God:
Gold:   259        SH:  4    Dex: 13    Spells: 3/4 levels left

rFire   + . .      SeeInvis .   g - +0 mace (drain)
rCold   x . .      Faith    .   c - +0 buckler
rNeg    . . .      Spirit   .   b - +0 scale mail
rPois   .          Reflect  .   (no helmet)
rElec   .          Harm     .   y - +0 cloak
rCorr   .          Rampage  .   (no gloves)
Will    +....                   u - +0 pair of boots
Stlth   ..........              (no amulet)
HPRegen 0.14/turn               q - ring of willpower
MPRegen 0.18/turn               r - ring of fire

@: no status effects
A: foul stench 1, magic regeneration, big brain 1
a: no special abilities


You were on level 3 of the Dungeon.
You visited 1 branch of the dungeon, and saw 3 of its levels.

You collected 259 gold pieces.

Inventory:

Hand Weapons
 a - a +0 flail
 g - a +0 mace of draining (weapon)
Armour
 b - a +0 scale mail (worn)
 c - a +0 buckler (worn)
 u - a +0 pair of boots (worn)
 y - a +0 cloak (worn)
Jewellery
 q - a ring of willpower (left hand)
 r - a ring of fire (right hand)
 w - a ring of ice
Scrolls
 e - a scroll of blinking
 h - a scroll of acquirement {unknown}
 j - a scroll of immolation {unknown}
 l - a scroll of enchant armour {unknown}
 o - a scroll of amnesia {unknown}
 p - a scroll of enchant weapon {unknown}
 v - a scroll of fog {unknown}
 x - a scroll of fear {unknown}
Potions
 d - a potion of might
 f - a potion of lignification {unknown}
 i - 2 potions of curing
 k - a potion of resistance
 m - 2 potions of haste {unknown}
 n - a potion of degeneration {unknown}
 s - a potion of heal wounds {unknown}
 t - a potion of attraction {unknown}


   Skills:
 - Level 3.6 Fighting
 * Level 3.6 Maces & Flails
 - Level 3.3 Armour
 - Level 3.3 Shields


You had 3 spell levels left.
You knew the following spells:

 Your Spells              Type           Power      Damage    Failure   Level
a - Summon Small Mammal   Summ           0%         N/A       82%         1

Your spell library contained the following spells:

 Spells                   Type           Power      Damage    Failure   Level
 Apportation              Tloc           0%         N/A       82%         1
 Necrotize                Necr           0%         1d4       82%         1
 Call Canine Familiar     Summ           0%         N/A       99%         3
 Portal Projectile        Hex/Tloc       0%         N/A       99%         3
 Summon Guardian Golem    Hex/Summ       0%         N/A       99%         3
 Tukima's Dance           Hex            0%         N/A       99%         3
 Blade Hands              Tmut           0%         N/A       100%        5


Dungeon Overview and Level Annotations

Branches:
Dungeon (3/15)

Altars:
Nemelex Xobeh

Annotations:
D:3 Crazy Yiuf, Sigmund


Innate Abilities, Weirdness & Mutations

You may rarely emit foul miasma when damaged in melee.
You regenerate magic rapidly.
You have an unusually large brain. (Int +2)


Message History

Things that are here:
a +0 dagger; a +0 ring mail; a goblin corpse
Things that are here:
a +0 flail; a +0 leather armour; an orc corpse
There is a fountain of sparkling water here.
There is a fountain of sparkling water here.
There is a fountain of sparkling water here.
Found a glowing mace.
You see here a +0 mace of draining.
g - a +0 mace of draining You sense an unholy aura.
g - a +0 mace of draining (weapon)
There is a fountain of sparkling water here.
No target in view!
There is a fountain of sparkling water here.
There is a fountain of sparkling water here.
There is a fountain of sparkling water here.
Found a cloak.
You see here a +0 cloak.
y - a +0 cloak You start putting on your armour.
You continue putting on your +0 cloak. x4
You finish putting on your +0 cloak.
Unknown command.
Found a mace.
Found a runed translucent door.
Crazy Yiuf laughs, "Paint foot broken!"
As you open the door, it creaks loudly!
You hit Crazy Yiuf but do no damage. You drain Crazy Yiuf.
Crazy Yiuf is lightly wounded.
Crazy Yiuf hits you with a +3 quarterstaff of chaos!
You are electrocuted!!
You hit Crazy Yiuf but do no damage. You drain Crazy Yiuf.
Crazy Yiuf is moderately wounded.
Crazy Yiuf hits you with a +3 quarterstaff of chaos.
* * * LOW HITPOINT WARNING * * *
Space warps around you.
* * * LOW HITPOINT WARNING * * *
You hit Crazy Yiuf.
Crazy Yiuf is moderately wounded.
Crazy Yiuf hits you with a +3 quarterstaff of chaos!
You die...

#..#
#####..#####
#.....
#....#
#.####.#
#.P.P# ...
##.P.# ##.
##.## # .#
##.# # .#
#.## ##.#
#@## ..g.
#g# ...# ...
#..# #...# #
#..## #)..#
#......?
#####
#..##..#
g....g.#
#g.##.#


You could see Crazy Yiuf (very drained).

Vanquished Creatures
  Jessica (D:2)
  Natasha (twice) (D:2)
  Robin (D:3)
  5 dart slugs
  An orc (D:3)
  2 ball pythons
  6 endoplasms
  3 giant cockroaches
  13 goblins
  6 hobgoblins
  4 jackals (D:3)
  3 quokkas
  4 bats (D:2)
  3 frilled lizards
  4 kobolds
  3 rats
61 creatures vanquished.

Vanquished Creatures (others)
  A fungus (D:3)
  3 plants (D:3)
4 creatures vanquished.

Grand Total: 65 creatures vanquished

Notes
Turn   | Place    | Note
-------+----------+-------------------------------------------
     0 | D:1      | CollectiveS the Demonspawn Fighter began the quest for the
                  | Orb.
     0 | D:1      | Reached XP level 1. HP: 18/18 MP: 1/1
   170 | D:1      | Gained mutation: You may rarely emit foul miasma when
                  | damaged in melee. [demonic ancestry]
   170 | D:1      | Reached XP level 2. HP: 8/24 MP: 2/2
   983 | D:1      | Reached XP level 3. HP: 29/29 MP: 3/3
  1164 | D:2      | Noticed Jessica
  1167 | D:2      | Killed Jessica
  1371 | D:2      | Noticed Natasha
  1379 | D:2      | Killed Natasha
  1380 | D:2      | Gained mutation: You regenerate magic rapidly. [demonic
                  | ancestry]
  1380 | D:2      | Reached XP level 4. HP: 24/36 MP: 4/4
  1582 | D:2      | Noticed Natasha
  1595 | D:2      | Killed Natasha
  2176 | D:3      | Noticed Sigmund
  2321 | D:3      | Found a sparkling altar of Nemelex Xobeh.
  2387 | D:3      | Gained mutation: You have an unusually large brain. (Int
                  | +2) [demonic ancestry]
  2387 | D:3      | Reached XP level 5. HP: 37/42 MP: 5/5
  2436 | D:3      | Learned a level 1 spell: Summon Small Mammal
  2487 | D:3      | Noticed Robin
  2501 | D:3      | Killed Robin
  2518 | D:3      | Found a faded altar of an unknown god.
  2906 | D:3      | Found a runed translucent door.
  2907 | D:3      | Noticed Crazy Yiuf
  2917 | D:3      | Mangled by Crazy Yiuf

Illustrated notes

Levels and vault maps discovered:
D:1:      amcnicky_arrival_blooded_trapdoor, layout_basic,
          chequers_serial_rivers_small_3, kennysheep_minor_cross
D:2:      layout_basic, uniq_jessica, uniq_natasha
D:3:      cheibrodos_old_hovel, layout_loops_ring, nemelex_diamond_rough_becter,
          shapermc_ecumenical_altar_notcrosses, roderic_three_in_a_row,
          uniq_robin, uniq_sigmund, uniq_crazy_yiuf_cottage

Skill      XL: |  1  2  3  4 |
---------------+-------------+-----
Maces & Flails | 2 3 |  3.6
Armour         | 3 |  3.3
Shields        | 3 |  3.3
Fighting       | |  3.6

Action                   |  1- 3 |  4- 6 || total
-------------------------+-------+-------++-------
Melee: Flail             |    84 |   117 ||   201
       Mace              |       |     3 ||     3
  Use: Scroll            |       |     4 ||     4
Armor: Scale mail        |    49 |    65 ||   114
Dodge: Dodged            |    38 |    58 ||    96
Block: Buckler           |    17 |    29 ||    46

Table legend: (Time is in decaauts)
 A = Elapsed time spent in this place.
 B = Non-inter-level travel time spent in this place.
 C = Inter-level travel time spent in this place.
 D = Time resting spent in this place.
 E = Time spent auto-exploring this place.
 F = Levels seen in this place.
 G = Mean time per level.
                   A        B        C        D        E       F      G
               +--------+--------+--------+--------+--------+-----+--------+
         Total |   2985 |   2826 |    159 |    114 |   1773 |   3 |  995.0 |
       Dungeon |   2985 |   2826 |    159 |    114 |   1773 |   3 |  995.0 |
               +--------+--------+--------+--------+--------+-----+--------+

Top non-repeatable levels by time:
     D:1: 1154 daAuts
     D:2: 1089 daAuts
     D:3: 741 daAuts
